 Dungeon Sprint DCSS version 0.17-a0-1763-g847a857 (webtiles) character file.

895 KambridgeKobold the Grappler (level 7, -1/79 HPs)
             Began as a Troll Monk on Sept 5, 2015.
             Was a Follower of Ru.
             Slain by a red devil
             ... wielding a +0 trident
             ... summoned by a kobold demonologist
              (2 damage)
             ... in the Dungeon (Sprint I: "Red Sonja").
             The game lasted 00:02:26 (407 turns).

KambridgeKobold the Grappler (Troll Monk)            Turns: 407, Time: 00:02:27

Health: -1/79      AC:  5    Str: 20    XL:     7   Next: 78%
Magic:  6/6        EV: 13    Int:  8    God:    Ru [*.....]
Gold:   362        SH:  0    Dex: 12    Spells: 0 memorised, 6 levels left

rFire  . . .     SeeInvis .       - Unarmed
rCold  . . .     Clarity  .     a - +0 robe
rNeg   . . .     SustAt   .     (no shield)
rPois  .         Gourm    +     (helmet restricted)
rElec  .         Spirit   .     (no cloak)
rCorr  .         Warding  .     (gloves unavailable)
rMut   .         NoTele   +     (boots unavailable)
MR     .....                    (no amulet)
Stlth  ++........               (no ring)
                                (no ring)

@: no scrolls, not resistant to hostile enchantments, unstealthy
A: unfitting armour, claws 3, fast metabolism 3, gourmand, regeneration 2,
shaggy fur 1, tough skin 2, inability to read while threatened
a: Renounce Religion


You were in the Dungeon.
You worshipped Ru.
Ru was aware of your devotion.
You were not hungry.

You visited 1 branch You collected 425 gold pieces.
You spent 63 gold pieces at shops.

Inventory:

Missiles
 k - 17 poisoned needles
Armour
 a - a +0 robe (worn)
Magical devices
 i - a wand of confusion (3)
Scrolls
 h - a scroll of blinking
Potions
 c - a potion of curing
 e - a potion of haste
 f - 2 potions of magic
 g - a potion of berserk rage
 l - a potion of degeneration
Comestibles
 b - 2 bread rations


   Skills:
 + Level 7.8 Fighting
 + Level 7.8 Dodging
 - Level 2.2 Stealth
 * Level 11.9 Unarmed Combat


You had 6 spell levels left.
You didn't know any spells.

Dungeon Overview and Level Annotations

Branches:
Dungeon (1/1)

Altars:
Cheibriados
Dithmenos
Elyvilon
Fedhas
Gozag
Kikubaaqudgha
Makhleb
Nemelex Xobeh
Okawaru
Qazlal
Ru
Sif Muna
Trog
Vehumet
Xom
Yredelemnul
Zin
The Shining One
Jiyva

Shops:
D *


Innate Abilities, Weirdness & Mutations

You are too large for most types of armour.
You have claws for hands.
Your metabolism is lightning-fast.
You like to eat raw meat.
You heal very quickly.
You are covered in fur (AC +1).
You have very tough skin (AC +2).
You cannot read scrolls while threatened.


Message History

You closely miss the sun demon. The sun demon barely misses you.
You scratch the kobold demonologist but do no damage.
The sun demon barely misses you.
The red devil hits you from afar with a trident!!
You mangle the kobold demonologist!!
The kobold demonologist is heavily wounded.
The sun demon hits you.
You are engulfed in flames!
* * * LOW HITPOINT WARNING * * *
The kobold demonologist hits you with a dagger.
* * * LOW HITPOINT WARNING * * *
The red devil closely misses you.
Drink which item? (? for menu, Esc to quit)
You feel much better. The sun demon hits you!
* * * LOW HITPOINT WARNING * * *
You are engulfed in flames!!
* * * LOW HITPOINT WARNING * * *
You redirect the kobold demonologist's attack!
The kobold demonologist mumbles some strange words.
The red devil hits you from afar with a trident.
You die...

#####################
.'..#..'..#__#.5@K..#
.#.)').#..'^.'.5#34.#
###'#####'#__####...+
##..#...#.#### ####
_####..##.#
..__##'#..+
.∩...'..._#
..._##_.#'#
____###+#.#


You could see a sun demon, a kobold demonologist, a red devil, a quasit
(wandering) and an ufetubus (wandering).

Vanquished Creatures
  A kobold demonologist (D)
  A slime creature (D)
  A yak (D)
  Sigmund (D)
  An ogre (D)
  Ijyb (D)
  A jelly (D)
  A giant eyeball (D)
8 creatures vanquished.

Notes
Turn   | Place    | Note
--------------------------------------------------------------
     0 | D        | KambridgeKobold the Troll Monk began the quest for the Orb.
     0 | D        | Reached XP level 1. HP: 22/22 MP: 0/0
     1 | D        | Noticed Ijyb
    46 | D        | Killed Ijyb
    46 | D        | Reached XP level 2. HP: 28/31 MP: 1/1
    78 | D        | Noticed an ogre
    83 | D        | Killed an ogre
    83 | D        | Reached skill level 6 in Unarmed Combat
    83 | D        | Reached XP level 3. HP: 38/41 MP: 2/2
    83 | D        | Reached XP level 4. HP: 45/49 MP: 3/3
   193 | D        | Noticed Sigmund
   199 | D        | Killed Sigmund
   199 | D        | Reached skill level 8 in Unarmed Combat
   199 | D        | Reached XP level 5. HP: 43/59 MP: 4/4
   199 | D        | Reached XP level 6. HP: 48/67 MP: 5/5
   230 | D        | Found a deep blue altar of Sif Muna.
   231 | D        | Noticed a jelly
   232 | D        | Found a radiant altar of Vehumet.
   236 | D        | Killed a jelly
   236 | D        | Reached skill level 9 in Unarmed Combat
   271 | D        | Found Cipuen's Assorted Antiques.
   271 | D        | Found a white marble altar of Elyvilon.
   271 | D        | Found a stormy altar of Qazlal.
   271 | D        | Found a burning altar of Makhleb.
   271 | D        | Found a sacrificial altar of Ru.
   271 | D        | Found a basalt altar of Yredelemnul.
   271 | D        | Found a glowing golden altar of the Shining One.
   271 | D        | Found a sparkling altar of Nemelex Xobeh.
   271 | D        | Found a shimmering altar of Xom.
   271 | D        | Found an opulent altar of Gozag.
   271 | D        | Found an ancient bone altar of Kikubaaqudgha.
   271 | D        | Found a glowing silver altar of Zin.
   271 | D        | Noticed a yak
   280 | D        | Killed a yak
   280 | D        | Reached skill level 10 in Unarmed Combat
   281 | D        | Found an iron altar of Okawaru.
   282 | D        | Found a bloodstained altar of Trog.
   286 | D        | Bought an orange potion for 19 gold pieces
   286 | D        | Bought a scroll labeled JACRIDGH TUSI for 22 gold pieces
   286 | D        | Bought a scroll labeled GITYTI ETAI for 22 gold pieces
   303 | D        | Became a worshipper of Ru the Awakened
   308 | D        | Gained mutation: You cannot read scrolls while threatened. [Ru sacrifice]
   308 | D        | Acquired Ru's first power
   316 | D        | Found a snail-covered altar of Cheibriados.
   316 | D        | Found a viscous altar of Jiyva.
   316 | D        | Found a shadowy altar of Dithmenos.
   316 | D        | Found a blossoming altar of Fedhas.
   316 | D        | Noticed a slime creature
   324 | D        | Killed a slime creature
   324 | D        | Reached skill level 11 in Unarmed Combat
   324 | D        | Reached XP level 7. HP: 46/78 MP: 6/6
   385 | D        | Noticed a kobold demonologist
   386 | D        | Noticed a kobold demonologist
   386 | D        | Paralysed by a giant eyeball for 3 turns
   398 | D        | Noticed a sun demon
   403 | D        | Noticed a red devil
   403 | D        | Killed a kobold demonologist
   407 | D        | HP: 1/79 [sun demon[a kobold demonologist] (19)]
   407 | D        | Slain by a red devil

Vault maps used:
D:        dungeon_sprint_1

Action                   |  1- 3 |  4- 6 |  7- 9 || total
-------------------------+-------+-------+-------++-------
Melee: Unarmed           |    17 |    22 |    15 ||    54
Invok: Sacrifice Words   |       |     1 |       ||     1
  Use: Scroll            |       |       |     3 ||     3
       Potion            |       |       |     1 ||     1
 Stab: Sleeping          |     1 |       |       ||     1
  Eat: Chunk             |     2 |     1 |       ||     3
